 Dungeon Crawl Stone Soup version 0.26.1-10-gdfb7c7de75 (webtiles) character file.

Game seed: 12820858257355733999

2337 Alarak the Cleaver (level 9, -11/74 HPs)
             Began as a Hill Orc Monk on Apr 3, 2021.
             Was a Believer of Beogh (penitent).
             Killed by an exploding an orc (20 damage)
             ... exploding inner flame
             ... on level 6 of the Dungeon.
             The game lasted 00:17:38 (7190 turns).

Alarak the Cleaver (Hill Orc Monk)                  Turns: 7190, Time: 00:17:39

Health: -11/74     AC: 13    Str: 17    XL:     9   Next: 42%
Magic:  9/9        EV:  3    Int: 10    God:    Beogh [*]
Gold:   314        SH: 16    Dex: 13    Spells: 8/8 levels left

rFire    . . .     SeeInvis .   F - +2 spear (flame)
rCold    . . .     Faith    .   K - +0 tower shield
rNeg     . . .     Spirit   .   t - +0 chain mail
rPois    .         Reflect  +   (no helmet)
rElec    .         Harm     .   i - +0 cloak
rCorr    .         Rampage  .   (no gloves)
Will     .....                  j - +0 pair of boots
Stlth    ..........             z - amulet of reflection
HPRegen  0.22/turn              (no ring)
MPRegen  0.11/turn              (no ring)

@: no status effects
A: no striking features
a: Renounce Religion


You were on level 6 of the Dungeon.
You worshipped Beogh.
Beogh was demanding penance.
You visited 1 branch of the dungeon, and saw 6 of its levels.

You collected 314 gold pieces.

Inventory:

Hand Weapons
 a - a +0 hand axe
 e - a +2 hand axe of venom
 h - a +4 spear
 v - a +3 quarterstaff of chaos
 F - a +2 spear of flaming (weapon)
Armour
 b - a +0 robe
 c - a +0 robe of willpower
 d - a +0 leather armour
 i - a +0 cloak (worn)
 j - a +0 pair of boots (worn)
 n - a +0 ring mail
 t - a +0 chain mail (worn)
 B - a scarf of shadows
 H - a +3 leather armour of fire resistance
 K - a +0 tower shield (worn)
Jewellery
 s - an uncursed amulet of guardian spirit
 z - an amulet of reflection (around neck)
Wands
 p - a wand of disintegration (9)
 A - a wand of flame (14)
 L - a wand of enslavement (8)
Scrolls
 f - 7 scrolls of identify {unknown}
 k - a scroll of blinking {unknown}
 l - 3 scrolls of immolation
 m - 2 scrolls of teleportation {unknown}
 o - a scroll of random uselessness {unknown}
 q - a scroll of fog {unknown}
 r - 3 scrolls of magic mapping {unknown}
 x - 3 scrolls of enchant armour {unknown}
 y - a scroll of fear {unknown}
 D - 2 scrolls of amnesia {unknown}
Potions
 g - 2 potions of haste {unknown}
 u - 2 potions of invisibility
 w - a potion of cancellation {unknown}
 C - 3 potions of might
 E - a potion of attraction {unknown}
 G - 3 potions of heal wounds {unknown}
 I - a potion of degeneration {unknown}
 J - a potion of brilliance {unknown}
 M - a potion of flight {unknown}


   Skills:
 - Level 5.0 Fighting
 + Level 12.5 Axes
 - Level 8.0 Armour
 - Level 2.4 Dodging
 - Level 1.5 Stealth


You had 8 spell levels left.
You didn't know any spells.
Your spell library was empty.

Dungeon Overview and Level Annotations

Branches:
Dungeon (6/15)             Temple (0/1) D:4

Altars:
Kikubaaqudgha

Annotations:
D:6 Blork the orc


Message History

Beogh accepts your kill.
Reactivating autopickup.
You feel a bit more experienced.
Your orc priest looks more experienced.
The orc warrior explodes!
You feel very guilty. "You will pay for your transgression, mortal!"
The fiery explosion engulfs your orc priest!
Flame seeps out of your orc priest.
Your orc priest is almost dead.
Blork the orc hits the orc priest with a +0 battleaxe!
The orc priest explodes!
The fiery explosion engulfs your orc!!!
The fiery explosion engulfs Blork the orc!!
Flame seeps out of Blork the orc.
Blork the orc is almost dead.
Blork the orc shouts!
Your orc explodes!
The fiery explosion engulfs you!!
You die...

#.....#o...'....#..
#.....'o...#.^..#..
######.....#....#...)#..
...........#....##...#..
...........#....##...###
.......(...#...........#
...........#...........#
...........#...........#
......§@...########...##
#####§§§o.## ..###...##
#§§§§.# ..........
#.§°§.# ..(.......
#.....# ..........
#.....# ..........
#.....# ..........
#.....# ...#######
####... ### ###


You could see Blork the orc (inner flame).

Vanquished Creatures
  Grinder (D:5)
  Eustachio (D:4)
  Menkaure (D:5)
  2 orc warriors (D:6)
  A sky beast (D:6)
  3 ice beasts
  2 ogres
  A centaur (D:5)
  A bullfrog (D:6)
  A jelly (D:6)
  4 scorpions
  4 wights (D:6)
  A howler monkey (D:4)
  A bullfrog zombie (D:5)
  A centaur zombie (D:5)
  A hound (D:6)
  Crazy Yiuf (D:3)
  A gnoll shaman (D:4)
  2 orc priests (D:5)
  A centaur skeleton (D:6)
  3 iguanas
  An orc wizard (D:5)
  Jessica (D:3)
  2 worker ants (D:4)
  Ijyb (D:3)
  10 adders
  4 gnolls (D:4)
  A white imp (D:5)
  An ooze (D:5)
  An adder skeleton (D:4)
  5 worms
  A dart slug (D:3)
  5 leopard geckos
  8 orcs
  7 giant cockroaches
  17 goblins
  9 hobgoblins
  6 jackals
  4 kobolds
  2 quokkas
  3 ball pythons (D:3)
  3 bats (D:1)
  8 frilled lizards
  2 leopard gecko skeletons
  12 rats
148 creatures vanquished.

Vanquished Creatures (collateral kills)
  An orc priest (D:6)
  A howler monkey (D:6)
  2 orc wizards (D:6)
  2 orcs (D:6)
  2 jackals (D:6)
8 creatures vanquished.

Vanquished Creatures (others)
  A hound (D:4)
  2 orc priests
  4 orcs
7 creatures vanquished.

Grand Total: 163 creatures vanquished

Notes
Turn   | Place    | Note
-------+----------+-------------------------------------------
     0 | D:1      | Alarak the Hill Orc Monk began the quest for the Orb.
     0 | D:1      | Reached XP level 1. HP: 19/19 MP: 1/1
    16 | D:1      | Noticed an electric eel
   331 | D:1      | Reached XP level 2. HP: 25/27 MP: 2/2
   653 | D:1      | Reached skill level 5 in Fighting
   653 | D:1      | Reached XP level 3. HP: 30/36 MP: 3/3
  2004 | D:3      | Reached skill level 5 in Axes
  2033 | D:3      | Reached XP level 4. HP: 42/42 MP: 4/4
  2050 | D:3      | Noticed Jessica
  2056 | D:3      | Killed Jessica
  2107 | D:3      | Noticed Ijyb
  2127 | D:3      | Reached skill level 1 in Armour
  2138 | D:3      | Killed Ijyb
  2139 | D:3      | Reached XP level 5. HP: 14/48 MP: 5/5
  2426 | D:3      | Found a runed translucent door.
  2427 | D:3      | Noticed Crazy Yiuf
  2609 | D:3      | Reached skill level 6 in Axes
  3164 | D:3      | Killed Crazy Yiuf
  3424 | D:4      | Reached XP level 6. HP: 20/56 MP: 2/6
  3432 | D:4      | Reached skill level 5 in Armour
  3434 | D:4      | Became a worshipper of Beogh the Brigand
  3434 | D:4      | Reached * piety under Beogh
  3434 | D:4      | Reached ** piety under Beogh
  3740 | D:4      | Reached XP level 7. HP: 61/61 MP: 7/7
  4322 | D:4      | Noticed Eustachio
  4327 | D:4      | Killed Eustachio
  4335 | D:4      | Found a staircase to the Ecumenical Temple.
  4630 | D:5      | Entered Level 5 of the Dungeon
  4653 | D:5      | Reached XP level 8. HP: 63/68 MP: 8/8
  4740 | D:5      | Noticed Menkaure
  4751 | D:5      | Killed Menkaure
  4752 | D:5      | Reached skill level 7 in Axes
  4938 | D:5      | Noticed Grinder
  4949 | D:5      | Killed Grinder
  4950 | D:5      | Reached skill level 8 in Axes
  5083 | D:5      | Reached skill level 9 in Axes
  5286 | D:5      | Found an ancient bone altar of Kikubaaqudgha.
  5429 | D:5      | Reached skill level 10 in Axes
  5776 | D:5      | Reached *** piety under Beogh
  5786 | D:5      | Reached XP level 9. HP: 53/74 MP: 9/9
  6132 | D:6      | Reached skill level 11 in Axes
  6552 | D:6      | Reached skill level 12 in Axes
  6945 | D:6      | Noticed Blork the orc
  7190 | D:6      | Was placed under penance by Beogh
  7190 | D:6      | Killed by an exploding an orc... exploding inner flame

Illustrated notes

Levels and vault maps discovered:
D:1:      arrival_aquarium_a, layout_loops_ring
D:2:      layout_basic
D:3:      layout_loops_ring, gup_sewer_entry_spiral, minmay_surrounded,
          uniq_ijyb, uniq_jessica, uniq_crazy_yiuf_cottage
D:4:      layout_cave_pools, temple_hall, minmay_circle_x, uniq_eustachio
D:5:      layout_basic, lemuel_coloured_pillars_altar, minmay_ogre_servants,
          uniq_menkaure, uniq_grinder
D:6:      layout_gridville, uniq_blork_the_orc

Skill      XL: |  1  2  3  4  5  6  7  8  9 |
---------------+----------------------------+-----
Fighting       | 4 5 |  5.0
Axes           | 5 6 10 12 | 12.5
Armour         | 2 3 5 8 |  8.0
Dodging        | |  2.4
Stealth        | |  1.5

Action                   |  1- 3 |  4- 6 |  7- 9 || total
-------------------------+-------+-------+-------++-------
Melee: Hand axe          |    80 |   190 |   253 ||   523
       Spear             |       |       |    64 ||    64
Invok: Convert to Beogh  |       |     1 |       ||     1
Evoke: Wand              |       |       |    10 ||    10
  Use: Scroll            |       |       |     1 ||     1
 Stab: Sleeping          |     4 |       |       ||     4
       Confused          |       |     1 |       ||     1
Armor: Leather armour    |     7 |       |       ||     7
       Ring mail         |     2 |    51 |       ||    53
       Chain mail        |       |    38 |    99 ||   137
Dodge: Dodged            |    35 |    82 |    71 ||   188
Block: Other             |       |       |    61 ||    61
       Reflection        |       |       |     2 ||     2
       Tower shield      |       |       |     8 ||     8
